 Dungeon Crawl Stone Soup version 0.21.1-1-g345015f (webtiles) character file.

1281 dvd the Chopper (level 8, 0/80 HPs)
             Began as a Deep Dwarf Monk on July 5, 2018.
             Slain by an orc warrior
             ... wielding a +0 halberd
              (6 damage)
             ... on level 6 of the Dungeon.
             The game lasted 00:18:06 (3946 turns).

dvd the Chopper (Deep Dwarf Monk)                   Turns: 3946, Time: 00:18:06

Health: 0/80       AC: 10    Str: 16 (17) XL:     8   Next: 29%
Magic:  13/13      EV: 11    Int: 10 (12) God:
Gold:   99         SH: 10    Dex: 15 (16) Spells: 7/7 levels left

rFire    . . .     SeeInvis .   a - +0 war axe
rCold    . . .     Gourm    .   D - +2 shield {reflect}
rNeg     . . .     Faith    .   f - +0 ring mail
rPois    .         Spirit   .   w - +2 helmet
rElec    .         Reflect  +   v - +0 cloak
rCorr    .         Harm     .   (no gloves)
MR       +....                  (no boots)
Stlth    ++........             (no amulet)
HPRegen  0.00/turn              k - +2 ring of intelligence
MPRegen  0.13/turn              t - ring of magical power

@: non-regenerating
A: damage resistance, heal wounds, sense surroundings 1, robust 1, no
regeneration
a: Heal Wounds


You were on level 6 of the Dungeon.
You were not hungry.

You visited 2 branches of the dungeon, and saw 7 of its levels.

You collected 264 gold pieces.
You spent 165 gold pieces at shops.

Inventory:

Hand Weapons
 a - a +0 war axe (weapon)
 b - a +0 hunting sling
 m - a +0 whip
 n - a +0 hand axe
 u - a +3 quarterstaff of chaos
 x - a +2 vampiric dagger
 B - a +0 battleaxe
 C - a +3 club
Missiles
 o - 241 stones (quivered)
Armour
 f - a +0 ring mail (worn)
 v - a +0 cloak (worn)
 w - a +2 helmet (worn)
 D - a +2 shield of reflection (worn)
Jewellery
 k - a +2 ring of intelligence (left hand)
 s - an uncursed amulet of guardian spirit
 t - a ring of magical power (right hand)
Wands
 l - a wand of disintegration (13)
 z - a wand of flame (25)
Scrolls
 g - 2 scrolls of amnesia
 h - a scroll of random uselessness {unknown}
 j - a scroll of identify {unknown}
 p - 4 scrolls of teleportation
 q - 4 scrolls of blinking {unknown}
 r - 4 scrolls of remove curse
 y - 2 scrolls of enchant armour {unknown}
 A - a scroll of enchant weapon {unknown}
 E - a scroll of fear {unknown}
Potions
 d - a potion of mutation
 e - 3 potions of curing
 i - a potion of invisibility
Comestibles
 c - 11 rations
 F - 9 chunks of flesh


   Skills:
 + Level 4.4 Fighting
 + Level 7.6 Axes
 + Level 3.4(3.5) Slings
 + Level 0.3(1.7) Throwing
 + Level 3.4 Armour
 + Level 5.0 Dodging
 + Level 3.6 Stealth
 + Level 2.1 Shields
 + Level 0.4 Evocations


You had 7 spell levels left.
You didn't know any spells.

Dungeon Overview and Level Annotations

Branches:
Dungeon (6/15)             Temple (1/1) D:4

Altars:
Cheibriados
Dithmenos
Fedhas
Gozag
Hepliaklqana
Nemelex Xobeh
Okawaru
Qazlal
Ru
Trog
Uskayaw
Vehumet
Wu Jian
Xom
Yredelemnul
The Shining One

Shops:
D:5 *


Innate Abilities, Weirdness & Mutations

You are resistant to damage.
You can heal yourself by infusing magical energy.
You passively map a small area around you.
You do not regenerate.
You are robust. (+10% HP)


Message History

The orc warrior barely misses you. The orc misses you.
A shadow imp comes into view.
The shadow imp shouts!
You slash the orc warrior!
The orc warrior is severely wounded.
You hit the orc.
The orc warrior hits you with a halberd!
* * * LOW HITPOINT WARNING * * *
The orc misses you.
An iguana comes into view.
The iguana hisses angrily.
You hit the orc warrior but do no damage.
The orc warrior is severely wounded.
You barely miss the orc.
The orc warrior hits you with a halberd!!
* * * LOW HITPOINT WARNING * * *
You block the orc's attack.
You fail to use your ability.
You block the orc's attack.
The orc warrior hits you with a halberd!
You die...

* #######.#########
, , , ...# * ,, *
*##..# # * , * #.o#
#. , #,,,, ,,,...#
#.. ###. ,
#####..o# * * #...
..... #........ ,,,
**#....## #...##o#
, *
).....o###...o@)##*
#..ooo.<.l....))<#
*
#####..####.....†#
#.. ##.....# , * ⌠
, * * #.$ #..5... *
,#..* ###..##. * ,
,#?. * *#..#*.# * ,
... , , .... . ,
(..* ###.. ## * +


You could see an orc warrior, an iguana, a shadow imp and an orc.

Vanquished Creatures
  An orc warrior (D:6)
  2 ogres
  The ghost of p0werm0de the Insei, an amateur DsWr of Qazlal (D:3)
  A bullfrog (D:5)
  A water moccasin zombie (D:5)
  A howler monkey (D:6)
  2 crimson imps (D:5)
  3 orc priests
  A bullfrog skeleton (D:4)
  2 hounds
  Crazy Yiuf (D:2)
  Ijyb (D:4)
  4 orc wizards
  An iguana (D:4)
  A worker ant (D:5)
  A hound zombie (D:5)
  Robin (D:2)
  16 adders
  An ooze (D:2)
  2 adder skeletons (D:5)
  2 dart slugs
  5 worms
  2 leopard geckos
  20 orcs
  6 bats
  2 giant cockroaches
  18 goblins
  5 hobgoblins
  4 jackals (D:3)
  7 kobolds
  2 quokkas
  3 ball pythons
  7 frilled lizards
  A quokka skeleton (D:5)
  7 rats
135 creatures vanquished.

Notes
Turn   | Place    | Note
-------+----------+-------------------------------------------
     0 | D:1      | dvd the Deep Dwarf Monk began the quest for the Orb.
     0 | D:1      | Reached XP level 1. HP: 20/20 MP: 1/1
   306 | D:1      | Reached XP level 2. HP: 25/27 MP: 2/2
   764 | D:2      | Noticed Robin
   773 | D:2      | Killed Robin
   773 | D:2      | Reached XP level 3. HP: 17/34 MP: 3/3
   778 | D:2      | Reached skill level 4 in Axes
   808 | D:2      | Reached XP level 4. HP: 17/42 MP: 4/4
   888 | D:2      | Found a sparkling altar of Nemelex Xobeh.
   909 | D:2      | Reached skill level 1 in Armour
  1219 | D:2      | Found a runed door.
  1227 | D:2      | Noticed Crazy Yiuf
  1234 | D:2      | Killed Crazy Yiuf
  1497 | D:3      | Reached XP level 5. HP: 12/49 MP: 5/5
  1506 | D:3      | Reached skill level 5 in Axes
  1600 | D:3      | Noticed p0werm0de's ghost (amateur DsWr)
  1621 | D:3      | Killed p0werm0de's ghost
  1621 | D:3      | Reached XP level 6. HP: 47/56 MP: 5/5
  2247 | D:4      | Reached skill level 1 in Slings
  2308 | D:4      | Found a staircase to the Ecumenical Temple.
  2318 | Temple   | Entered the Ecumenical Temple
  2405 | D:4      | Found a snail-covered altar of Cheibriados.
  2455 | D:4      | Reached skill level 6 in Axes
  2455 | D:4      | Reached XP level 7. HP: 10/64 MP: 5/5
  2572 | D:4      | Noticed Ijyb
  2587 | D:4      | Killed Ijyb
  2605 | D:4      | Found a sacrificial altar of Ru.
  2757 | D:5      | Entered Level 5 of the Dungeon
  2845 | D:5      | Found Inuam's Assorted Antiques.
  2848 | D:5      | Bought a shiny shield for 165 gold pieces
  3041 | D:5      | Reached skill level 7 in Axes
  3044 | D:5      | Gained mutation: You are agile. (Dex +2) [potion of mutation]
  3044 | D:5      | Lost mutation: You are agile. (Dex +2) [potion of mutation]
  3044 | D:5      | Gained mutation: You are robust. (+10% HP) [potion of mutation]
  3092 | D:5      | Reached skill level 1 in Shields
  3732 | D:5      | Reached XP level 8. HP: 44/80 MP: 5/5
  3921 | D:6      | Reached skill level 5 in Dodging
  3946 | D:6      | Slain by an orc warrior

Skill      XL: |  1  2  3  4  5  6  7  8 |
---------------+-------------------------+-----
Fighting       | 3 4 |  4.4
Axes           | 4 5 6 7 |  7.6
Armour         | 1 2 3 |  3.4
Dodging        | 4 5 |  5.0
Stealth        | 3 |  3.6
Slings         | 2 3 |  3.4
Shields        | 1 2 |  2.1
Throwing       | |  0.3
Evocations     | |  0.4

Action                   |  1- 3 |  4- 6 |  7- 9 || total
-------------------------+-------+-------+-------++-------
Melee: Hand axe          |    82 |    89 |       ||   171
       War axe           |       |    92 |   159 ||   251
       Hunting sling     |       |     7 |       ||     7
 Fire: Hunting sling     |       |    66 |    44 ||   110
Throw: Stone             |       |    11 |       ||    11
 Abil: Heal Wounds       |       |     4 |     4 ||     8
Evoke: Wand              |       |     2 |       ||     2
  Use: Scroll            |       |     3 |       ||     3
       Potion            |       |     2 |     8 ||    10
 Stab: Sleeping          |     3 |     3 |     3 ||     9
  Eat: Chunk             |       |     5 |     5 ||    10
Armor: Ring mail         |    26 |    62 |    55 ||   143
Dodge: Dodged            |    61 |   140 |    87 ||   288
Block: Shield            |       |       |    86 ||    86
       Reflection        |       |       |    10 ||    10
